 Dungeon Crawl Stone Soup version 0.16.2-12-gd0ad4c3 (webtiles) character file.

39 Ijustatesigmund the Sneak (level 3, -3/24 HPs)
             Began as an Octopode Assassin on Oct 14, 2015.
             Shot with a stone by a goblin (7 damage)
             ... on level 2 of the Dungeon.
             The game lasted 00:02:37 (1214 turns).

Ijustatesigmund the Sneak (Octopode Assassin)       Turns: 1214, Time: 00:02:37

Health: -3/24      AC:  1    Str: 10    XL:     3   Next: 45%
Magic:  12/12      EV: 12    Int: 13    God:
Gold:   50         SH:  0    Dex: 14    Spells: 0 memorised, 2 levels left

rFire  . . .     SeeInvis .     a - +3 dagger
rCold  . . .     Clarity  .     (no shield)
rNeg   . . .     SustAb   .     (helmet restricted)
rPois  .         Gourm    .     (no amulet)
rElec  .         Spirit   .     i - ring of magical power
rCorr  .         Warding  .     l - ring of flight
rMut   .         Stasis   .     (no ring)
MR     .....                    (no ring)
Stlth  ++++++....               (no ring)
                                (no ring)
                                (no ring)
                                (no ring)

@: not resistant to hostile enchantments, very stealthy
A: almost no armour, amphibious, 8 rings, constrict 8, camouflage 1, gelatinous
body 1
a: Evoke Flight


You were on level 2 of the Dungeon.
You were hungry.

You visited 1 branch of the dungeon, and saw 2 of its levels.

You collected 50 gold pieces.

Inventory:

Hand weapons
 a - a +3 dagger (weapon)
 b - a +0 blowgun
Missiles
 c - 25 sling bullets
 e - 24 poisoned needles
 f - 2 curare-tipped needles
Jewellery
 i - a ring of magical power (left tentacle)
 l - a ring of flight (right tentacle)
Scrolls
 h - 3 scrolls of remove curse
 m - a scroll of fear {unknown}
Potions
 j - a potion of restore abilities {unknown}
 k - a potion of beneficial mutation {unknown}
Comestibles
 d - 2 meat rations
 g - 5 bread rations


   Skills:
 - Level 2.0 Fighting
 + Level 2.6 Short Blades
 - Level 2.0 Throwing
 + Level 2.0 Dodging
 + Level 6.0 Stealth


You had 2 spell levels left.
You didn't know any spells.

Dungeon Overview and Level Annotations

Branches:
Dungeon (2/15)

Altars:


Innate Abilities, Weirdness & Mutations

You cannot wear most types of armour.
You are amphibious.
You can wear up to eight rings at the same time.
You can use your tentacles to constrict many enemies at once.
Your skin changes colour to match your surroundings (Stealth).
Your rubbery body absorbs attacks (AC +1).


Message History

The jackal closely misses you. The jackal bites you. The goblin hits you.
You hit the jackal. Your grab misses the jackal.
The jackal is severely wounded.
The jackal bites you. The jackal barely misses you.
You closely miss the jackal. You grab the jackal.
The jackal is severely wounded.
You constrict the jackal, but do no damage.
The jackal barely misses you. The goblin hits you.
The jackal bites you but does no damage.
You hit the jackal but do no damage.
The jackal is severely wounded.
You constrict the jackal, but do no damage.
The jackal closely misses you. The jackal bites you. The goblin hits you.
* * * LOW HITPOINT WARNING * * *
You are too injured to fight recklessly!
You are too injured to fight recklessly!
You release your grip on the jackal.
The goblin wields an uncursed hunting sling.
The goblin shoots a stone.
The stone hits you!
You die...

####.#.#[#.##.##.#
...#.......##.##.#
...###.#.#.##.##.#####≈
.#.###.....##.##.#≈≈≈≈≈≈
†#.#.......##.##.≈≈≈≈≈≈≈#
.#.#.#..#..##.##≈≈≈..)..#
.#.#.......##.##≈≈.....h
................≈≈h.#
...............(@≈h.#
####..#######.##†≈g.#
####..........##≈≈..#
......##########≈≈..#
####### #≈≈...# #≈≈...#
#≈≈...# #≈≈#### #≈≈#


You could see 3 jackals and a goblin.

Vanquished Creatures
  2 giant geckos (D:1)
  2 bats (D:1)
  8 hobgoblins
  6 jackals
  4 kobolds (D:1)
  3 giant cockroaches
  A goblin (D:1)
  9 rats (D:1)
35 creatures vanquished.

Notes
Turn   | Place    | Note
--------------------------------------------------------------
     0 | D:1      | Ijustatesigmund, the Octopode Assassin, began the quest for the Orb.
     0 | D:1      | Reached XP level 1. HP: 14/14 MP: 1/1
    98 | D:1      | Reached XP level 2. HP: 19/19 MP: 2/2
   540 | D:1      | Reached XP level 3. HP: 16/24 MP: 3/3
  1161 | D:2      | Reached skill level 6 in Stealth
  1214 | D:2      | Shot with a stone by a goblin

Action                   || total
-------------------------++-------
Melee: Dagger            ||    67
 Fire: Blowgun           ||     1
  Use: Scroll            ||     5
 Stab: Sleeping          ||    11
       Distracted        ||     1
